 Dungeon Crawl Stone Soup version 0.24.0-13-gcf9b319 (webtiles) character file.

Game seed: 16300061956183789169, levelgen mode: deterministic

228 Fang the Skirmisher (level 6, 0/58 HPs)
             Began as a Gargoyle Berserker on Dec 13, 2019.
             Was a Believer of Trog.
             Slain by an adder (2 damage)
             ... on level 4 of the Dungeon.
             The game lasted 00:03:27 (2220 turns).

Fang the Skirmisher (Gargoyle Berserker)            Turns: 2220, Time: 00:03:28

Health: 0/58       AC:  6    Str: 27    XL:     6   Next: 2%
Magic:  6/6        EV: 12    Int:  8    God:    Trog [**....]
Gold:   173        SH:  0    Dex:  9    Spells: 5/5 levels left

rFire    . . .     SeeInvis .   a - +0 hand axe
rCold    . . .     Gourm    .   (no shield)
rNeg     + . .     Faith    .   b - +0 animal skin
rPois    ∞         Spirit   .   (no helmet)
rElec    +         Reflect  .   (no cloak)
rCorr    .         Harm     .   (no gloves)
MR       .....                  (no boots)
Stlth    ..........             (no amulet)
HPRegen  0.19/turn              (no ring)
MPRegen  0.10/turn              (no ring)

@: berserking, very quick
A: negative energy resistance 1, electricity resistance, unbreathing,
petrification resistance, rot immunity, AC +4
a: Berserk, Trog's Hand, Renounce Religion


You were on level 4 of the Dungeon.
You worshipped Trog.
Trog was pleased with you.
You were very hungry.

You visited 1 branch of the dungeon, and saw 4 of its levels.

You collected 173 gold pieces.

Inventory:

Hand Weapons
 a - a +0 hand axe (weapon)
Armour
 b - a +0 animal skin (worn)
Wands
 n - a wand of digging (5)
Scrolls
 d - a scroll of magic mapping {unknown}
 e - a scroll of fog {unknown}
 h - a scroll of remove curse {unknown}
 j - 3 scrolls of identify {unknown}
 l - 2 scrolls of teleportation {unknown}
 m - a scroll of enchant armour {unknown}
 o - a scroll of random uselessness {unknown}
Potions
 f - a potion of berserk rage {unknown}
 g - a potion of might {unknown}
 i - a potion of ambrosia {unknown}
 k - a potion of haste {unknown}
Comestibles
 c - 5 rations


   Skills:
 + Level 4.5 Fighting
 + Level 3.7 Axes
 + Level 3.7 Armour
 + Level 2.7 Dodging


You had 5 spell levels left.
You didn't know any spells.
Your spell library was empty.

Dungeon Overview and Level Annotations

Branches:
Dungeon (4/15)
 Temple: D:4-7

Altars:
Ashenzari
Gozag
Makhleb
Vehumet
The Shining One


Innate Abilities, Weirdness & Mutations

You are resistant to torment.
Your stone body is resilient. (AC +4)
You are immune to poison.
You resist negative energy. (rN+)
You are resistant to electric shocks. (rElec)
You can survive without breathing.
You are immune to petrification.
You are immune to rotting.


Message History

You slash the ogre!
You kill the ogre!
Trog accepts your kill.
You have reached level 6!
Your experience leads to an increase in your attributes!
Your base attributes are Str 21, Int 8, Dex 9.
Increase (S)trength, (I)ntelligence, or (D)exterity?
You feel stronger.
You barely miss the adder. You hit the ogre.
The ogre hits you with a +0 giant club!!
* * * LOW HITPOINT WARNING * * *
The adder bites you.
* * * LOW HITPOINT WARNING * * *
You slash the ogre!
The ogre is almost dead.
You miss the adder. You hit the frilled lizard.
You kill the frilled lizard!
Trog accepts your kill. The adder bites you.
You die...

......... ...........
##... ....... #.
#####... ...#.Z. ####.
#.....# ...o...
......#.....####......
......#...........#
..............SO.####..
......#.....###@).....#
.....!......#
#####...##
).....#>....########...
.......................
......##.####.........#
......##.#....#######.#
........###.########.#
.... ##..##...<......##
.. ...
#..S#########..>###...


You could see an ogre, an adder, an orc and a quokka skeleton.

Vanquished Creatures
  An ogre (D:4)
  Jessica (D:2)
  4 gnolls (D:4)
  4 adders
  2 worms (D:3)
  2 leopard geckos
  4 bats
  2 giant cockroaches (D:2)
  3 goblins
  6 hobgoblins
  2 frilled lizards
  A jackal skeleton (D:4)
  4 kobolds
  14 rats
50 creatures vanquished.

Vanquished Creatures (others)
  A goblin (D:2)
1 creature vanquished.

Grand Total: 51 creatures vanquished

Notes
Turn   | Place    | Note
-------+----------+-------------------------------------------
     0 | D:1      | Fang the Gargoyle Berserker began the quest for the Orb.
     0 | D:1      | Reached XP level 1. HP: 14/14 MP: 1/1
    48 | D:1      | Found a shattered altar of Ashenzari.
    63 | D:1      | You fall into a shaft and drop 1 floor!
   335 | D:2      | Reached XP level 2. HP: 19/19 MP: 2/2
   709 | D:2      | Found a glowing golden altar of the Shining One.
   756 | D:2      | Found a faded altar of an unknown god.
   773 | D:2      | Reached XP level 3. HP: 23/23 MP: 3/3
   827 | D:2      | Found a radiant altar of Vehumet.
   874 | D:2      | Found an opulent altar of Gozag.
   877 | D:2      | Reached ** piety under Trog
  1121 | D:2      | Noticed Jessica
  1145 | D:2      | Killed Jessica
  1145 | D:2      | Reached XP level 4. HP: 20/29 MP: 4/4
  1169 | D:2      | Found a burning altar of Makhleb.
  1426 | D:3      | Reached skill level 4 in Fighting
  1924 | D:4      | Reached XP level 5. HP: 5/33 MP: 5/5
  2200 | D:4      | Noticed an ogre
  2201 | D:4      | Noticed an ogre
  2219 | D:4      | Killed an ogre
  2219 | D:4      | Reached XP level 6. HP: 27/39 MP: 6/6
  2219 | D:4      | HP: 2/58 [adder (4)]
  2220 | D:4      | Slain by an adder

Levels and vault maps discovered:
D:1:      lightli_arrival_lavapool, layout_rooms, evilmike_ruin_ashenzari
D:2:      layout_loops_cross, nicolae_overflow_crystal_walls,
          fiery_altar_vehumet, overflow_temple_1_default,
          nicolae_gozag_seed_capital, chequers_ecumenical_altar_simple_redux,
          minmay_rat_gold_closets, uniq_jessica
D:3:      layout_rooms, first_ration, chequers_avenue, minivault_4, minivault_19
D:4:      layout_rooms, uniq_ijyb

Skill      XL: |  1  2  3  4 |
---------------+-------------+-----
Axes           | 3 |  3.7
Dodging        | 2 |  2.7
Armour         | 3 |  3.7
Fighting       | 4 |  4.5

Action                   |  1- 3 |  4- 6 || total
-------------------------+-------+-------++-------
Melee: Hand axe          |   114 |    73 ||   187
Invok: Berserk           |       |     3 ||     3
       Trog's Hand       |       |     1 ||     1
 Stab: Sleeping          |     2 |       ||     2
  Eat: Chunk             |     1 |     5 ||     6
Armor: Animal skin       |    35 |    16 ||    51
Dodge: Dodged            |    88 |    44 ||   132
